 Dungeon Sprint DCSS version 0.30-a0-34-gbe8da3892a (webtiles) character file.

Game seed: 3224517607360823048

1250 mhtbhm the Unseen (level 8, -8/37 (42) HPs)
             Began as a Spriggan Brigand on Aug 27, 2022.
             Was a Believer of Dithmenos.
             Killed from afar by Josephine (24 damage)
             ... with a ghostly fireball
             ... in the Dungeon (Sprint III: "The Ten Rune Challenge").
             The game lasted 00:02:38 (697 turns).

mhtbhm the Unseen (Spriggan Brigand)                 Turns: 697, Time: 00:02:39

HP:   -8/37 (42)    AC:  3    Str:  5    XL:     8   Next: 26%
MP:   13/13         EV: 19    Int: 16    God:    Dithmenos [**....]
Gold: 36            SH:  0    Dex: 21    Spells: 7/7 levels left

rFire   . . .      SeeInvis +    a - +0 dagger (speed)
rCold   . . .      Faith    .    (no shield)
rNeg    . . .      Spirit   .    b - +0 robe
rPois   .          Reflect  .    (helmet restricted)
rElec   .          Harm     .    c - +0 cloak
rCorr   .          Rampage  .    (gloves unavailable)
Will    +....      NoTele   +    (boots unavailable)
Stlth   ++++++++++               (no amulet)
HPRegen 0.12/turn                (no ring)
MPRegen 0.13/turn                (no ring)

@: wreathed by umbra, heavily drained, very quick
A: very small, no large weapons, unfitting armour, see invisible, speed 3,
hooves 1, agile 1, clever 1, sturdy frame 1
a: Renounce Religion, Shadow Step


You were in the Dungeon.
You worshipped Dithmenos.
Dithmenos was pleased with you.
You visited 1 branch You collected 36 gold pieces.

Inventory:

Hand Weapons
 a - a +0 dagger of speed (weapon)
Missiles
 d - 4 poisoned darts (quivered)
 e - a curare-tipped dart
Armour
 b - a +0 robe (worn)
 c - a +0 cloak (worn)
Scrolls
 k - a scroll of blinking
 m - a scroll of poison {unknown}
 n - 2 scrolls of immolation {unknown}
 o - a scroll of identify {unknown}
Potions
 f - a potion of curing
 h - a potion of haste
 i - 3 potions of magic
 j - a potion of berserk rage
 l - 2 potions of mutation
 p - 2 potions of flight
 q - a potion of might
Miscellaneous
 g - a box of beasts (inert)


   Skills:
 + Level 3.9 Fighting
 + Level 6.8 Short Blades
 + Level 7.3 Throwing
 + Level 3.5 Dodging
 + Level 20.8 Stealth
 * Level 6.2 Invocations


You had 7 spell levels left.
You didn't know any spells.
Your spell library contained the following spells:

 Spells                   Type           Power      Damage    Failure   Level
 Magic Dart               Conj           0%         1d3       26%         1
 Searing Ray              Conj           0%         2d4       36%         2
 Ozocubu's Armour         Ice            0%         N/A       58%         3
 Fulminant Prism          Conj/Hex       0%         3d6       94%         4
 Ozocubu's Refrigeration  Ice            0%         4d7       100%        7


Dungeon Overview and Level Annotations

Branches:
Dungeon (1/1)

Altars:
Cheibriados
Dithmenos
Elyvilon
Fedhas
Gozag
Hepliaklqana
Kikubaaqudgha
Makhleb
Nemelex Xobeh
Okawaru
Qazlal
Ru
Sif Muna
Trog
Uskayaw
Vehumet
Wu Jian
Xom
Yredelemnul
Zin
The Shining One
Jiyva
Lugonu

Annotations:
D Josephine


Innate Abilities, Weirdness & Mutations

You are very small and have problems with some larger weapons.
You are too small for most types of armour.
You have supernaturally acute eyesight. (SInv)
You cover ground extremely quickly. (Speed+++)
You have large cloven feet.
You are agile. (Dex +4, Str/Int -1)
Your mind is acute. (Int +4, Str/Dex -1)
Your movements are slightly less encumbered by armour. (ER -2)


Message History

Josephine is lightly wounded.
Throw: 5 darts (poison)
Press: ? - help, Q - select action, (/) - cycle Shift-Dir - straight line, f/p - Josephine
Aim: Josephine, wielding a +0 dagger and wearing a +0 robe (lightly wounded, extremely poisoned, slow, umbra, 66% to hit)
You throw a poisoned dart. The poisoned dart hits Josephine!
Josephine looks as sick as possible!
Josephine is lightly wounded.
Unknown command.
Josephine closely misses you.
You hit Josephine but do no damage. You kick Josephine, but do no damage.
Josephine is lightly wounded.
Josephine is no longer moving slowly.
You hit Josephine. You kick Josephine, but do no damage.
Josephine is moderately wounded.
Josephine casts a spell at you.
The ghostly flame explodes!
The ghostly fireball engulfs you!!
You feel drained.
Ouch! That really hurt!
* * * LOW HITPOINT WARNING * * *
The ghostly fireball engulfs Josephine.
Josephine completely resists.
You feel better. Josephine barely misses you.
Okay, then.
You open the lid... ...and a larval batfire beast flies out!
The box is emptied!
Josephine hits you but does no damage.
You hit Josephine.
Josephine is heavily wounded.
You barely miss Josephine. You kick Josephine.
Josephine is heavily wounded.
Your larval batfire beast hits Josephine.
Josephine screams at your larval batfire beast, "I'll use your head as a decoration in my hut!"
Josephine casts a spell at your larval batfire beast.
The ghostly flame explodes!
The ghostly fireball engulfs your larval batfire beast!!
Your larval batfire beast is drained!
Your larval batfire beast dies!
Your larval batfire beast's corpse disappears in a puff of smoke!
The ghostly fireball engulfs you!!
You feel drained.
Ouch! That really hurt!
You die...

♣.#...#__)#÷_#
♣♣♣.###)#'###'##
....#..........#
.♣..'.⌠........#
~♣♣.#...######'#
....#.⌠.#__#...#+#####
....#...#__#...#.(~~§+
....#'###__#...#@#§§§#
....#.[)#__#...§@#§.§#
....#___#__'...#.#§§§#
▓▓▓▓▓▓▓▓▓▓▓▓▓▓▓▓▓▓▓▓▓▓


You could see Josephine (unaware, extremely poisoned).

Vanquished Creatures
  A deep elf pyromancer (D)
  A shadow (D)
  A spatial vortex (D)
  A necrophage (D)
  A water elemental (D)
  A jelly (D)
  Jessica (D)
  A necromancer (D)
  A wizard (D)
  3 humans (D)
  A kobold demonologist (D)
  A wolf (D)
  3 rats (D)
17 creatures vanquished.

Notes
Turn   | Place    | Note
-------+----------+-------------------------------------------
     0 | D        | mhtbhm the Spriggan Brigand began the quest for the Orb.
     0 | D        | Reached XP level 1. HP: 10/10 MP: 2/2
     5 | D        | Reached skill level 6 in Stealth
    12 | D        | Noticed Jessica
    17 | D        | Killed Jessica
    18 | D        | Reached skill level 10 in Stealth
    18 | D        | Reached XP level 2. HP: 15/15 MP: 3/3
    45 | D        | Reached XP level 3. HP: 18/18 MP: 4/4
   126 | D        | Reached skill level 11 in Stealth
   141 | D        | Gained mutation: You occasionally lose the ability to drink
                  | potions when taking damage. [potion of mutation]
   141 | D        | Gained mutation: You are somewhat resistant to further
                  | mutation. [potion of mutation]
   142 | D        | Lost mutation: You occasionally lose the ability to drink
                  | potions when taking damage. [potion of mutation]
   142 | D        | Lost mutation: You are somewhat resistant to further
                  | mutation. [potion of mutation]
   142 | D        | Gained mutation: You have large cloven feet. [potion of
                  | mutation]
   142 | D        | Gained mutation: You have hidden genetic potential. [potion
                  | of mutation]
   142 | D        | Gained mutation: Your movements are slightly less
                  | encumbered by armour. (ER -2) [potion of mutation]
   160 | D        | Noticed a water elemental
   171 | D        | Killed a water elemental
   172 | D        | Reached skill level 13 in Stealth
   172 | D        | Reached XP level 4. HP: 23/23 MP: 5/5
   181 | D        | Gained mutation: You are agile. (Dex +4, Str/Int -1)
                  | [hidden potential]
   217 | D        | Found a shadowy altar of Dithmenos.
   217 | D        | Noticed a necrophage
   218 | D        | Found a basalt altar of Yredelemnul.
   218 | D        | Found a sacrificial altar of Ru.
   220 | D        | Reached skill level 14 in Stealth
   220 | D        | Reached XP level 5. HP: 27/27 MP: 6/6
   221 | D        | Reached skill level 15 in Stealth
   224 | D        | Became a worshipper of Dithmenos the Shadowed
   235 | D        | Gained mutation: Your mind is acute. (Int +4, Str/Dex -1)
                  | [hidden potential]
   235 | D        | Lost mutation: You have hidden genetic potential. [hidden
                  | potential expressed]
   239 | D        | Found a glowing silver altar of Zin.
   240 | D        | Found a glowing golden altar of the Shining One.
   240 | D        | Found a white marble altar of Elyvilon.
   240 | D        | Noticed a deep elf pyromancer
   256 | D        | Killed a deep elf pyromancer
   257 | D        | Reached skill level 5 in Short Blades
   257 | D        | Reached skill level 18 in Stealth
   257 | D        | Reached XP level 6. HP: 6/32 MP: 6/10
   257 | D        | Reached XP level 7. HP: 6/36 MP: 6/11
   505 | D        | Found a radiant altar of Vehumet.
   506 | D        | Found a shimmering blue altar of Sif Muna.
   506 | D        | Found an ancient bone altar of Kikubaaqudgha.
   509 | D        | Reached * piety under Dithmenos
   510 | D        | Reached skill level 19 in Stealth
   531 | D        | Found a hide-covered altar of Uskayaw.
   531 | D        | Found an iron altar of Okawaru.
   532 | D        | Found a bloodstained altar of Trog.
   532 | D        | Found an ornate altar of the Wu Jian Council.
   532 | D        | Noticed a human
   532 | D        | Noticed a human
   534 | D        | Killed a human
   535 | D        | Reached skill level 5 in Invocations
   535 | D        | Killed a human
   536 | D        | Reached skill level 20 in Stealth
   552 | D        | Noticed a shadow
   608 | D        | Killed a shadow
   608 | D        | Reached ** piety under Dithmenos
   609 | D        | Reached XP level 8. HP: 37/42 MP: 13/13
   656 | D        | Found a blossoming altar of Fedhas.
   656 | D        | Found a stormy altar of Qazlal.
   656 | D        | Found a snail-covered altar of Cheibriados.
   656 | D        | Found a burning altar of Makhleb.
   656 | D        | Found a shimmering altar of Xom.
   658 | D        | Found a hazy altar of Hepliaklqana.
   658 | D        | Found an opulent altar of Gozag.
   658 | D        | Found a sparkling altar of Nemelex Xobeh.
   658 | D        | Found a corrupted altar of Lugonu.
   658 | D        | Found a viscous altar of Jiyva.
   679 | D        | Noticed Josephine
   697 | D        | Killed from afar by Josephine

Illustrated notes

Levels and vault maps discovered:
D:        dungeon_sprint_mu [sprint_mu_entry_forest, sprint_mu_temple_rooms,
          sprint_mu_d1_horrors, sprint_mu_d2_genie, sprint_mu_d3_branching,
          sprint_mu_orc_legion, sprint_mu_elf_gauntlet, sprint_mu_hive_nellie,
          sprint_mu_lair_fedhas, sprint_mu_vaults_butterflies,
          sprint_mu_slime_circle, sprint_mu_swamp_cave, sprint_mu_shoals_kraken,
          sprint_mu_blade_basic, sprint_mu_crypt_fortress,
          sprint_mu_tomb_spiral, sprint_mu_vestibule_basic,
          sprint_mu_gehenna_hellfire, sprint_mu_dis_giant,
          sprint_mu_tartarus_statrot, sprint_mu_cocytus_islands, sprint_mu_zot1]

Skill      XL: |  1  2  3  4  5  6  7  8 |
---------------+-------------------------+-----
Stealth        | 10 13 14 18 20 | 20.8
Fighting       | 2 3 |  3.9
Short Blades   | 3 5 6 |  6.8
Throwing       | 3 6 7 |  7.3
Dodging        | 2 3 |  3.5
Invocations    | 4 5 6 |  6.2

Action                   |  1- 3 |  4- 6 |  7- 9 || total
-------------------------+-------+-------+-------++-------
Melee: Dagger            |    13 |     6 |    41 ||    60
       Kick              |     2 |     2 |    18 ||    22
Throw: Dart              |     6 |     7 |     5 ||    18
Evoke: Box of beasts     |       |       |     1 ||     1
  Use: Potion            |     3 |       |     2 ||     5
 Stab: Sleeping          |     4 |     2 |     6 ||    12
Armor: Robe              |       |       |     2 ||     2
Dodge: Dodged            |     7 |     1 |    11 ||    19

Table legend: (Time is in decaauts)
 A = Elapsed time spent in this place.
 B = Non-inter-level travel time spent in this place.
 C = Inter-level travel time spent in this place.
 D = Time resting spent in this place.
 E = Time spent auto-exploring this place.
 F = Levels seen in this place.
 G = Mean time per level.
                   A        B        C        D        E       F      G
               +--------+--------+--------+--------+--------+-----+--------+
         Total |    591 |    591 |      0 |    367 |      1 |   1 |  591.0 |
       Dungeon |    591 |    591 |      0 |    367 |      1 |   1 |  591.0 |
               +--------+--------+--------+--------+--------+-----+--------+

Top non-repeatable levels by time:
       D: 591 daAuts
